[Event "GER-ch Blitz 2019"]
[Site "Magdeburg"]
[Date "2019.05.25"]
[Round "24.11"]
[White "Wichmann, Cliff"]
[Black "Svane, Frederik"]
[Result "0-1"]
[ECO "E15"]
[WhiteElo "2280"]
[BlackElo "2342"]
[Annotator "NA"]
[PlyCount "79"]
[EventDate "2019.05.25"]
[EventType "tourn"]
[EventCountry "GER"]
[Tiebreak "Number of wins+Number of black wins"]
[SourceTitle "playchess.com"]
[Source "ChessBase"]
[SourceQuality "1"]
[TimeControl "180+2"]

1. d4 Nf6 2. c4 e6 3. Nf3 b6 4. g3 Ba6 5. Nbd2 c5 6. Bg2 Nc6 7. d5 exd5 8.
cxd5 Nxd5 9. O-O Be7 10. a3 O-O 11. Re1 Nc7 12. e4 d5 13.
exd5 Nxd5 14. Qc2 Bb7 15. Nc4 b5 16. Nce5 Nf6 17. Bf4 Nxe5 18.
Bxe5 h6 19. Rad1 Qb6 20. Bc3 Rfe8 21. Ne5 Bxg2 22. Kxg2 Qb7+ 23. f3 c4 24. Qf5 Rad8 25. Ba5 Rxd1 26. Rxd1 Bf8 27. Bc3 Qc8 28. Qc2 Qe6 29. Re1 Nd5 30. Ng4 Qd7 31. Rxe8 Qxe8 32. Bd4 h5 33. Nf2 Ne3+ 34. Bxe3 Qxe3 35. Qf5 Qc5 36. Qd7 g6 37. Ne4 Qe5 38. Qxa7 Qxb2+ 39. Kh3 Bxa3 40. Qc7 0-1

[Event "GER-ch Blitz 2019"]
[Site "Magdeburg"]
[Date "2019.05.25"]
[Round "24.12"]
[White "Heidrich, Manfred"]
[Black "Koch, Thomas"]
[Result "0-1"]
[ECO "B22"]
[WhiteElo "2351"]
[BlackElo "2474"]
[Annotator "ChessBase"]
[PlyCount "54"]
[EventDate "2019.05.25"]
[EventType "tourn"]
[EventCountry "GER"]
[Tiebreak "Number of wins+Number of black wins"]
[SourceTitle "playchess.com"]
[Source "ChessBase"]
[SourceQuality "1"]
[TimeControl "180+2"]

1. e4 c5 2. c3 d5 3. exd5 Qxd5 4. d4 e6 5. Nf3 Nf6 6. Be2 cxd4 7. Qxd4 Nc6 8. Qxd5 Nxd5 9. a3 Be7 10. c4 Nb6 11. Nc3 O-O 12. Be3 Bf6 13. Rc1 Na5 14. Bxb6 axb6 15. Rc2 Bd7 16. O-O Rfc8 17. Ne4 Be7 18. Ne5 Ba4 19. Rcc1 Nb3 20. Rcd1 Nc5 21. Nd6 Rd8 22. Ndxf7 Bxd1 23. Bxd1 Rf8 24. b4 Rxf7 25. Nxf7 Nd7 26. Bh5 g6 27. Rd1 Nf8 0-1

[Event "GER-ch Blitz 2019"]
[Site "Magdeburg"]
[Date "2019.05.25"]
[Round "24.13"]
[White "Baskin, Robert"]
[Black "Kirchner, Thomas"]
[Result "0-1"]
[ECO "A45"]
[WhiteElo "2398"]
[BlackElo "2311"]
[Annotator "NA"]
[PlyCount "138"]
[EventDate "2019.05.25"]
[EventType "tourn"]
[EventCountry "GER"]
[Tiebreak "Number of wins+Number of black wins"]
[SourceTitle "playchess.com"]
[Source "ChessBase"]
[SourceQuality "1"]
[TimeControl "180+2"]

1. d4 Nf6 2. Bf4 b6 3. e3 Bb7 4. Nf3 d6 5. h3 Nbd7 6. Nbd2 g6 7. Bc4 Bg7 8. O-O O-O 9. a4 a5 10. Qe2 c5 11. c3 Qc7 12. Bh2 Rac8 13. e4 e5 14. dxe5 Nxe5 15. Nxe5 dxe5 16. Rfd1 Rcd8 17. f3 Nh5 18. Nf1 Bh6 19. Ne3 Nf4 20. Qf2 Rxd1+ 21. Rxd1 Rd8 22. Nd5 Bxd5 23. Bxd5 c4 24. Bxf4 Bxf4 25. g3 Bg5 26. Qe2 Kg7 27. Kg2 Qc5 28. h4 Be7 29. h5 h6 30. hxg6 fxg6 31. Rh1 Rc8 32. Qd2 Bg5 33. f4 exf4 34. gxf4 Be7 35. Qe2 Rf8 36. Qg4 Qe3 37. Rf1 Bc5 38. Kh1 h5 39. Qf3 Rxf4 40. Qxe3 Rxf1+ 41. Kg2 Bxe3 42. Kxf1 Bc1 43. Bxc4 Bxb2 44. Ke2 Bxc3 45. Kf3 Be5 46. Bb5 Kf6 47. Be8 Bc7 48. Ke3 Be5 49. Kf3 Kg5 50. Bf7 h4 51. Be6 Kf6 52. Bc8 g5 53.
Kg4 Bf4 54. Bb7 Ke5 55. Bc6 Kd4 56. Bb7 Kc5 57. Ba8 b5 58.
axb5 Kxb5 59. e5 Kc5 60. e6 Kd6 61. Bd5 a4 62. Ba2 a3 63.
Kh3 Be5 64. Kg4 Bf6 65. Kh3 Be7 66. Kg4 Kc5 67. Kf5 h3 68.
Ke5 Bd6+ 69. Kf6 h2 0-1

[Event "GER-ch Blitz 2019"]
[Site "Magdeburg"]
[Date "2019.05.25"]
[Round "24.14"]
[White "Kopylov, Michael"]
[Black "Buhmann, Rainer"]
[Result "1/2-1/2"]
[ECO "E01"]
[WhiteElo "2413"]
[BlackElo "2573"]
[Annotator "ChessBase"]
[PlyCount "26"]
[EventDate "2019.05.25"]
[EventType "tourn"]
[EventCountry "GER"]
[Tiebreak "Number of wins+Number of black wins"]
[SourceTitle "playchess.com"]
[Source "ChessBase"]
[SourceQuality "1"]
[TimeControl "180+2"]

1. d4 Nf6 2. c4 e6 3. g3 d5 4. Bg2 Bb4+ 5. Nd2 O-O 6. Ngf3 b6 7. O-O Bb7 8.
cxd5 Bxd5 9. Qc2 Bxd2 10. Bxd2 Be4 11. Qc4 Bd5 12. Qc2 Be4 13. Qc4 Bd5 1/2-1/2

[Event "GER-ch Blitz 2019"]
[Site "Magdeburg"]
[Date "2019.05.25"]
[Round "24.15"]
[White "Braeuer, Franz"]
[Black "Ehmann, Thilo"]
[Result "1-0"]
[ECO "C45"]
[WhiteElo "2445"]
[BlackElo "2291"]
[Annotator "NA"]
[PlyCount "59"]
[EventDate "2019.05.25"]
[EventType "tourn"]
[EventCountry "GER"]
[Tiebreak "Number of wins+Number of black wins"]
[SourceTitle "playchess.com"]
[Source "ChessBase"]
[SourceQuality "1"]
[TimeControl "180+2"]

1. e4 e5 2. Nf3 Nc6 3. d4 exd4 4. Nxd4 Bc5 5. Nb3 Bb6 6.
Nc3 Qf6 7. Qe2 Nge7 8. h4 O-O 9. Bg5 Qg6 10. O-O-O a5 11. a3 a4 12. Nd2 Nd4 13. Qd3 d5 14. Bxe7 dxe4 15. Ndxe4 Re8 16. Bc5 Bf5 17. Bxb6 Nxc2 18. Qxc2 Qxb6 19. Bd3 Be6 20. Qe2 Bb3 21. Rd2 f5 22. Bc4+ Kh8 23. Bxb3 Qxb3 24. Nc5 Qb6 25. Qc4 Qc6 26. Qd5 Qg6 27. Rhd1 b6 28. Nd7 Rad8 29. Ne5 Qf6 30. Qxd8 1-0

[Event "GER-ch Blitz 2019"]
[Site "Magdeburg"]
[Date "2019.05.25"]
[Round "25.1"]
[White "Gustafsson, Jan"]
[Black "Stern, Rene"]
[Result "1-0"]
[ECO "D35"]
[WhiteElo "2639"]
[BlackElo "2538"]
[Annotator "ChessBase"]
[PlyCount "63"]
[EventDate "2019.05.25"]
[EventType "tourn"]
[EventCountry "GER"]
[Tiebreak "Number of wins+Number of black wins"]
[SourceTitle "playchess.com"]
[Source "ChessBase"]
[SourceQuality "1"]
[TimeControl "180+2"]

1. c4 e6 2. Nc3 d5 3. d4 Nf6 4. cxd5 exd5 5. Bg5 c6 6. e3 Nbd7 7. Bd3 h6 8. Bh4 Be7 9. Nge2 Nh5 10. Bxe7 Qxe7 11. g4 Nhf6 12. Ng3 Nb6 13. h3 Bd7 14. Qb3 O-O-O 15. a4 Kb8 16. a5 Nc8 17. Na4 Nd6 18. Nc5 Bc8 19. Kd2 g6 20.
f3 Ka8 21. Rhe1 Qc7 22. Ne2 h5 23. Nc3 hxg4 24. hxg4 Rh2+ 25. Re2 Rxe2+ 26. Bxe2 Rh8 27. Qb4 Rh2 28. b3 Qe7 29. N3a4 Nde4+ 30. fxe4 Bxg4 31. Nb6+ Kb8 32. Na6+ 1-0

[Event "GER-ch Blitz 2019"]
[Site "Magdeburg"]
[Date "2019.05.25"]
[Round "25.2"]
[White "Hirneise, Jens"]
[Black "Schulz, Karsten"]
[Result "1/2-1/2"]
[ECO "B06"]
[WhiteElo "2375"]
[BlackElo "2227"]
[Annotator "NA"]
[PlyCount "89"]
[EventDate "2019.05.25"]
[EventType "tourn"]
[EventCountry "GER"]
[Tiebreak "Number of wins+Number of black wins"]
[SourceTitle "playchess.com"]
[Source "ChessBase"]
[SourceQuality "1"]
[TimeControl "180+2"]

1. e4 g6 2. d4 Bg7 3. Nc3 d6 4. Be3 a6 5. a4 Nf6 6. Nf3 Nc6 7. h3 O-O 8. Be2 e6 9. O-O h6 10. Qd2 Kh7 11. Bd3 b6 12. Ne2 Bb7 13. c3 Ne7 14. Ng3 d5 15. e5 Ne4 16. Qc2 Nxg3 17. fxg3 Rc8 18. g4 c5 19. Qd2 Nc6 20. g5 h5 21. Nh4 Ne7 22. Qe2 Nf5 23. Nxf5 exf5 24. Bxa6 Bxa6 25. Qxa6 cxd4 26. Bxd4 Qxg5 27. Qb5 Rfe8 28. Qxd5 Rcd8 29.
Qxf7 Re7 30. Qc4 Bxe5 31. Bxe5 Rxe5 32. Qc7+ Qe7 33. Qxe7+ Rxe7 34. Rf2 Ra7 35. Ra3 Rd6 36. Kh2 h4 37. Rf4 Rd2 38. Rxh4+ Kg7 39. Rb4 Re7 40. c4 Ree2 41. Rg3 Rxb2 42. Rxb2 Rxb2 43. Rd3 Rb4 44. Rd6 Rxc4 45. Rxb6 1/2-1/2

[Event "GER-ch Blitz 2019"]
[Site "Magdeburg"]
[Date "2019.05.25"]
[Round "25.3"]
[White "Carow, Johannes"]
[Black "Frischmann, Rick"]
[Result "1-0"]
[ECO "D07"]
[WhiteElo "2445"]
[BlackElo "2320"]
[Annotator "NA"]
[PlyCount "75"]
[EventDate "2019.05.25"]
[EventType "tourn"]
[EventCountry "GER"]
[Tiebreak "Number of wins+Number of black wins"]
[SourceTitle "playchess.com"]
[Source "ChessBase"]
[SourceQuality "1"]
[TimeControl "180+2"]

1. d4 d5 2. c4 Nc6 3. cxd5 Qxd5 4. e3 e5 5. Nc3 Bb4 6. a3 Bxc3+ 7. bxc3 Nf6 8. c4 Qd6 9. d5 Nb8 10. Ne2 O-O 11. Nc3 a5 12. Be2 Na6 13. O-O Bf5 14. f3 Nd7 15.
Kh1 Bg6 16. f4 f5 17. Nb5 Qc5 18. Bd3 Rae8 19. Rb1 c6 20. Nc3 Qa7 21. Bc2 Nac5 22. a4 exf4 23. exf4 Rf7 24. Qd4 cxd5 25. cxd5 b6 26. Bb2 Nf6 27. Nb5 Qd7 28. d6 Nfe4 29. Rbe1 Rf6 30. Bb1 Bf7 31. Qe3 Nxd6 32. Qg3 Rxe1 33. Rxe1 Rg6 34. Qh4 Nxb5 35. axb5 Bd5 36. Re2 Qxb5 37. Qd8+ Kf7 38. Re7# {[%emt 0:00:01] Kf6 [%clk 0:00:
13]} 1-0

[Event "GER-ch Blitz 2019"]
[Site "Magdeburg"]
[Date "2019.05.25"]
[Round "25.4"]
[White "Zuyev, Igor"]
[Black "Schneider, Ilja"]
[Result "1-0"]
[ECO "D02"]
[WhiteElo "2447"]
[BlackElo "2494"]
[Annotator "ChessBase"]
[PlyCount "57"]
[EventDate "2019.05.25"]
[EventType "tourn"]
[EventCountry "GER"]
[Tiebreak "Number of wins+Number of black wins"]
[SourceTitle "playchess.com"]
[Source "ChessBase"]
[SourceQuality "1"]
[TimeControl "180+2"]

1. d4 d5 2. Nf3 Nf6 3. Bf4 c5 4. dxc5 Qa5+ 5. c3 Qxc5 6.
e3 Nc6 7. b4 Qb6 8. a4 e6 9. Bd3 Be7 10. Nbd2 O-O 11. O-O a5 12. b5 Nb8 13. c4 Nbd7 14. Qc2 Nc5 15. Be5 Bd7 16. Rfd1 Rac8 17. Bd4 Rfd8 18. cxd5 exd5 19. Nb3 Nxb3 20. Bxb6 Nxa1 21. Qb2 Re8 22. Qxa1 Bb4 23. Bd4 Ne4 24. Bxg7 Nc3 25. Bxc3 Rxc3 26. Qb1 Rec8 27. Bxh7+ Kg7 28. Nd4 Ba3 29. Ne2 1-0

[Event "GER-ch Blitz 2019"]
[Site "Magdeburg"]
[Date "2019.05.25"]
[Round "25.5"]
[White "Krause, Benedict"]
[Black "Stein, Robert"]
[Result "1/2-1/2"]
[ECO "C50"]
[WhiteElo "2434"]
[BlackElo "2318"]
[Annotator "NA"]
[PlyCount "82"]
[EventDate "2019.05.25"]
[EventType "tourn"]
[EventCountry "GER"]
[Tiebreak "Number of wins+Number of black wins"]
[SourceTitle "playchess.com"]
[Source "ChessBase"]
[SourceQuality "1"]
[TimeControl "180+2"]

1. e4 e5 2. Nf3 Nc6 3. Bc4 Bc5 4. O-O d6 5. c3 Nf6 6. d3 a6 7. Bb3 Ba7 8. Nbd2 O-O 9. h3 h6 10. Re1 Re8 11. Nf1 Be6 12. Ng3
Qd7 13. Bc2 Rad8 14. d4 exd4 15. cxd4 d5 16. e5 Ne4 17. Nxe4 dxe4 18. Bxe4 Nxd4 19. Be3 Nxf3+ 20. Qxf3 Bxe3 21. Rxe3 c6 22. Qf4 Qd2 23. Rae1 Rd4 24. Qh4 Bf5 25. R3e2 Rxe4 26. Qxe4 Qxe1+ 27. Rxe1 Bxe4 28. Rxe4 Rd8 29. Re2 Kf8 30. f4 h5 31. Kf2 Ke7 32. g4 hxg4 33. hxg4 c5 34. Kf3 b5 35. f5 c4 36. g5 g6 37. fxg6 fxg6 38. Ke4 Rd1 39.
Rf2 Re1+ 40. Kd5 Rd1+ 41. Ke4 Re1+ 1/2-1/2

[Event "GER-ch Blitz 2019"]
[Site "Magdeburg"]
[Date "2019.05.25"]
[Round "25.6"]
[White "Schmaltz, Roland"]
[Black "Hebbinghaus, Holger"]
[Result "1-0"]
[ECO "C44"]
[WhiteElo "2461"]
[BlackElo "2310"]
[Annotator "ChessBase"]
[PlyCount "67"]
[EventDate "2019.05.25"]
[EventType "tourn"]
[EventCountry "GER"]
[Tiebreak "Number of wins+Number of black wins"]
[SourceTitle "playchess.com"]
[Source "ChessBase"]
[SourceQuality "1"]
[TimeControl "180+2"]

1. e4 Nf6 2. d3 d5 3. Nd2 e5 4. Ngf3 Nc6 5. Be2 Bc5 6. O-O O-O 7. a3 a5 8. b3 Re8 9. c3 h6 10. Rb1 Ba7 11. b4 axb4 12. axb4 Bg4 13. b5 Nb8 14. Bb2 Nbd7 15. h3 Bh5 16. Re1 dxe4 17. dxe4 Nc5 18. Qc2 Bg6 19. Bf1 Bb6 20. c4 Nfd7 21. Rbd1 Qe7 22. Nb1 c6 23. Nc3 Ne6 24. Na4 Ba5 25. Re3 f6 26. Nh4 Bh7 27. bxc6 bxc6 28. Nf5 Bxf5 29. exf5 Nc7 30. Ba3 Qf7 31. Qe4 Nb6 32. Nxb6 Bxb6 33. c5 Ba5 34. Bc4 1-0

[Event "GER-ch Blitz 2019"]
[Site "Magdeburg"]
[Date "2019.05.25"]
[Round "25.7"]
[White "Barzen, Pascal"]
[Black "Kopylov, Daniel"]
[Result "0-1"]
[ECO "B24"]
[WhiteElo "2292"]
[BlackElo "2263"]
[Annotator "NA"]
[PlyCount "91"]
[EventDate "2019.05.25"]
[EventType "tourn"]
[EventCountry "GER"]
[Tiebreak "Number of wins+Number of black wins"]
[SourceTitle "playchess.com"]
[Source "ChessBase"]
[SourceQuality "1"]
[TimeControl "180+2"]

1. e4 c5 2. Nc3 Nc6 3. g3 g6 4. Bg2 Bg7 5. d3 e6 6. f4 Nge7 7. Nf3 O-O 8. Be3 d6 9. O-O Nd4 10. e5 dxe5 11. Nxe5 Rb8 12. Ne4 b6 13. c3 Ndf5 14. Bf2 Ba6 15. g4 Nd6 16. Bh4 f6 17.
Nxd6 Qxd6 18. Nc4 Qd7 19. Qe2 Rbd8 20. Rad1 Nd5 21. Bg3 Rfe8 22. h4 b5 23. Ne3 f5 24. h5 b4 25. Nxd5 exd5 26. Qd2 bxc3 27. bxc3 d4 28. c4 Re3 29. Bd5+ Kh8 30. Bf2 fxg4 31. Bxe3 dxe3 32. Qg2 Bd4 33. Kh1 gxh5 34. Rb1 h4 35. f5 g3 36. Qh3 e2 37. Rfe1 Qe7 38. Qg4 Re8 39.
Bf3 Bc8 40. Rxe2 Qf8 41. Rxe8 Qxe8 42. Bd5 Bf6 43. Rb8 Qf8 44. Be6 Bb7+ 45. Rxb7 Qd6 46. Qg8# 0-1

[Event "GER-ch Blitz 2019"]
[Site "Magdeburg"]
[Date "2019.05.25"]
[Round "25.8"]
[White "Zelbel, Patrick"]
[Black "Heistermann, Till"]
[Result "1-0"]
[ECO "C41"]
[WhiteElo "2439"]
[BlackElo "2181"]
[Annotator "NA"]
[PlyCount "131"]
[EventDate "2019.05.25"]
[EventType "tourn"]
[EventCountry "GER"]
[Tiebreak "Number of wins+Number of black wins"]
[SourceTitle "playchess.com"]
[Source "ChessBase"]
[SourceQuality "1"]
[TimeControl "180+2"]

1. e4 d6 2. d4 e5 3. Nf3 exd4 4. Nxd4 Nf6 5. Nc3 Be7 6. Be2 O-O 7. Bf4 Nc6 8. Nxc6 bxc6 9. e5 dxe5 10.
Qxd8 Rxd8 11. Bxe5 Bd6 12. O-O-O Be6 13. Bd4 Be7 14. Bf3 Nd5 15. Ne4 a5 16. Rhe1 Rab8 17. a3 h6 18. g3 Bf5 19. h4 Kf8 20. Nc3 Be6 21. Na4 Kg8 22. Nc5 Bxc5 23. Bxc5 a4 24. Re4 Nb6 25. Bxb6 cxb6 26. Rxa4 Rxd1+ 27. Kxd1 c5 28. Ra8 Rxa8 29. Bxa8 Kf8 30. Kd2 Ke7 31. Ke3 Kd6 32. b3 f6 33. Be4 g5 34. f4 gxh4 35. gxh4 Bf7 36. Kd3 Be6 37. Kc3 Bf7 38. b4 Be6 39.
Bd3 Bd7 40. Bc4 Bf5 41. Bf7 Bd7 42. Kc4 cxb4 43. axb4 Bc6 44. Kd4 Bd7 45. c4 Bg4 46. c5+ bxc5+ 47. bxc5+ Kc6 48. Be8+ Kc7 49. Kd5 Bf5 50. Ba4 Bg4 51. Bc2 Bc8 52. Bg6 Bd7 53. Bf7 Bg4 54. Bg8 Bh3 55. Bf7 Bg4 56. Be8 Bh3 57. Ba4 Bg4 58. Ke4 Bh3 59. Kf3 Bf5 60. Ke3 Bh3 61. Kd4 Bg4 62. Kd5 Bh3 63. Bc2 Bg4 64. f5 Bh3 65. Be4 Bg4 66. Ke6 1-0

[Event "GER-ch Blitz 2019"]
[Site "Magdeburg"]
[Date "2019.05.25"]
[Round "25.9"]
[White "Braeuning, Rudolf Wilhelm"]
[Black "Schulze, Marc"]
[Result "1-0"]
[ECO "B22"]
[WhiteElo "2285"]
[BlackElo "2220"]
[Annotator "NA"]
[PlyCount "87"]
[EventDate "2019.05.25"]
[EventType "tourn"]
[EventCountry "GER"]
[Tiebreak "Number of wins+Number of black wins"]
[SourceTitle "playchess.com"]
[Source "ChessBase"]
[SourceQuality "1"]
[TimeControl "180+2"]

1. e4 c5 2. c3 d5 3. exd5 Qxd5 4. d4 Nf6 5. Nf3 Bg4 6. Nbd2 Nc6 7. Bc4 Bxf3 8. Qb3 Na5 9. Qb5+ Qd7 10. Nxf3 Nxc4 11. Qxc4 cxd4 12. Nxd4 e6 13. Bg5 Qd5 14. Qb5+ Qxb5 15. Nxb5 Nd5 16. O-O-O a6 17. Rxd5 exd5 18. Nc7+ Kd7 19. Nxa8 Bc5 20. Rd1 Kc6 21. Nc7 Kxc7 22. Rxd5 Kc6 23. Rf5 f6 24. Be3 Bxe3+ 25. fxe3 Rd8 26. Kc2 Kd6 27. Rf2 Ke5 28. Rf4 Rd5 29. Rd4 Rxd4 30. exd4+ Ke4 31. Kd2 f5 32. Ke2 f4 33. h4 g6 34. a4 a5 35. Kf2 h6 36. Ke2 g5 37. Kf2 b6 38. hxg5 hxg5 39. b4 axb4 40. cxb4 g4 41. a5 bxa5 42. bxa5 Kd5 43. a6 Kc6 44. d5+ 1-0

[Event "GER-ch Blitz 2019"]
[Site "Magdeburg"]
[Date "2019.05.25"]
[Round "25.10"]
[White "Svane, Frederik"]
[Black "Voege, Tobias"]
[Result "0-1"]
[ECO "B31"]
[WhiteElo "2342"]
[BlackElo "2294"]
[Annotator "NA"]
[PlyCount "80"]
[EventDate "2019.05.25"]
[EventType "tourn"]
[EventCountry "GER"]
[Tiebreak "Number of wins+Number of black wins"]
[SourceTitle "playchess.com"]
[Source "ChessBase"]
[SourceQuality "1"]
[TimeControl "180+2"]

1. e4 c5 2. Nf3 Nc6 3. Bb5 g6 4. O-O Bg7 5. Bxc6 bxc6 6. c3 Nf6 7. Re1 O-O 8. d4 cxd4 9. cxd4 d5 10. e5 Ne4 11. Nc3 Nxc3 12. bxc3 Qa5 13. Qb3 Bg4 14. Qa3 Qc7 15. Qc5 Rfb8 16. a4 Bxf3 17. gxf3 e6 18.
Qa3 Bf8 19. Qa2 c5 20. Ba3 cxd4 21. Bxf8 Kxf8 22. cxd4 Rb4 23. Qa3 Qe7 24. Rab1 Rxd4 25. Qxe7+ Kxe7 26. Rb7+ Kf8 27. Rc1 Rxa4 28. Rcc7 Rf4 29. Kg2 a5 30. Kg3 g5 31. h4 h6 32. hxg5 hxg5 33. Rd7 a4 34. Rdc7 Kg7 35. Rd7 Kg6 36. Rdc7 a3 37. Ra7 Ra4 38. Rab7 a2 39. Rxf7 Rh8 40. Rg7+ Kf5 0-1

[Event "GER-ch Blitz 2019"]
[Site "Magdeburg"]
[Date "2019.05.25"]
[Round "25.11"]
[White "Feuerstack, Aljoscha"]
[Black "Heidrich, Manfred"]
[Result "1-0"]
[ECO "B22"]
[WhiteElo "2441"]
[BlackElo "2351"]
[Annotator "NA"]
[PlyCount "41"]
[EventDate "2019.05.25"]
[EventType "tourn"]
[EventCountry "GER"]
[Tiebreak "Number of wins+Number of black wins"]
[SourceTitle "playchess.com"]
[Source "ChessBase"]
[SourceQuality "1"]
[TimeControl "180+2"]

1. e4 c5 2. c3 Nf6 3. e5 Nd5 4. Nf3 Nc6 5. Bc4 Nb6 6. Bb3 d5 7. exd6 Qxd6 8.
O-O Bf5 9. d4 e6 10. Na3 a6 11. Be3 cxd4 12. Nxd4 Nxd4 13. Bxd4 Nd5 14. Qf3 Be7 15. Rfe1 Bg6 16. Bxd5 exd5 17. Bxg7 Rg8 18. Bf6 Be4 19. Bxe7 Qxe7 20. Qh3 Rxg2+ 21. Qxg2 1-0

[Event "GER-ch Blitz 2019"]
[Site "Magdeburg"]
[Date "2019.05.25"]
[Round "25.12"]
[White "Kirchner, Thomas"]
[Black "Wichmann, Cliff"]
[Result "0-1"]
[ECO "C00"]
[WhiteElo "2311"]
[BlackElo "2280"]
[Annotator "NA"]
[PlyCount "80"]
[EventDate "2019.05.25"]
[EventType "tourn"]
[EventCountry "GER"]
[Tiebreak "Number of wins+Number of black wins"]
[SourceTitle "playchess.com"]
[Source "ChessBase"]
[SourceQuality "1"]
[TimeControl "180+2"]

1. e4 e6 2. d4 d5 3. Bd3 dxe4 4. Bxe4 Nf6 5. Bf3 Nbd7 6. Ne2 Bd6 7. O-O e5 8. Nbc3 O-O 9. g3 Re8 10. Bg2 h6 11. Re1 c6 12. Be3 Qc7 13.
h3 b6 14. Nb5 cxb5 15. Bxa8 e4 16. Nc3 Ba6 17. Nd5 Nxd5 18. Bxd5 Nf6 19. Bb3 Bxg3 20. Qe2 Bd6 21. c3 Qd7 22. Qf1 b4 23. Qg2 Kh8 24. cxb4 Bxb4 25. Rec1 Bd6 26. Bc4 Bc8 27. Bf1 Nd5 28. a3 Bf4 29. Re1 Qf5 30.
Rac1 Bd7 31. Bc4 Bb8 32. Be2 Qe6 33. Bc4 Qd6 34. Bd2 f5 35.
Bxd5 Qxd5 36. Bb4 f4 37. Qg6 Re6 38. Qf7 Kh7 39. f3 Rg6+ 40.
Kf2 Qxf7 0-1

[Event "GER-ch Blitz 2019"]
[Site "Magdeburg"]
[Date "2019.05.25"]
[Round "25.13"]
[White "Koch, Thomas"]
[Black "Kopylov, Michael"]
[Result "1-0"]
[ECO "D45"]
[WhiteElo "2474"]
[BlackElo "2413"]
[Annotator "ChessBase"]
[PlyCount "89"]
[EventDate "2019.05.25"]
[EventType "tourn"]
[EventCountry "GER"]
[Tiebreak "Number of wins+Number of black wins"]
[SourceTitle "playchess.com"]
[Source "ChessBase"]
[SourceQuality "1"]
[TimeControl "180+2"]

1. d4 d5 2. c4 e6 3. Nc3 c6 4. e3 Nf6 5. Nf3 Nbd7 6. Qc2 Bd6 7. b3 O-O 8. Be2 b6 9. O-O Bb7 10. Bb2 Rc8 11. Rad1 Qe7 12. e4 dxe4 13. Nxe4 Nxe4 14. Qxe4 Nf6 15. Qe3 c5 16. h3 Rfd8 17. Ne5 Nd7 18. Rd3 cxd4 19. Bxd4 Nxe5 20. Bxe5 Bxe5 21. Qxe5 Rxd3 22. Bxd3 Rd8 23. Rd1 g6 24. Be2 Rxd1+ 25. Bxd1 f6 26. Qb8+ Kg7 27. Qxa7 Qd7 28. Bf3 Bc6 29. Qxb6 Bxf3 30. gxf3 e5 31. Kg2 Qd2 32. Qa7+ Kg8 33. h4 Qf4 34. Qa8+ Kg7 35. Qb7+ Kg8 36. Qe4 Qd2 37. a4 Qc3 38. Qd5+ Kg7 39. c5 f5 40. c6 e4 41. fxe4 fxe4 42.
Qxe4 Qxb3 43. c7 Qc3 44. Qe7+ Kh6 45. Qe3+ 1-0

[Event "GER-ch Blitz 2019"]
[Site "Magdeburg"]
[Date "2019.05.25"]
[Round "25.14"]
[White "Ehmann, Thilo"]
[Black "Baskin, Robert"]
[Result "1/2-1/2"]
[ECO "B54"]
[WhiteElo "2291"]
[BlackElo "2398"]
[Annotator "NA"]
[PlyCount "126"]
[EventDate "2019.05.25"]
[EventType "tourn"]
[EventCountry "GER"]
[Tiebreak "Number of wins+Number of black wins"]
[SourceTitle "playchess.com"]
[Source "ChessBase"]
[SourceQuality "1"]
[TimeControl "180+2"]

1. e4 c5 2. Nf3 d6 3. d4 cxd4 4. Nxd4 Nf6 5. f3 a6 6. c4 e6 7. Nc3 b6 8. Be3 Bb7 9. Qd2 Be7 10. Be2 O-O 11. O-O Qc7 12. Rac1 Nbd7 13. Rfd1 Rac8 14. Bf1 Qb8 15. Kh1 Bd8 16. Qf2 Bc7 17. Qg1 Kh8 18. b4 Rg8 19. Nde2 g5 20. Ng3 Ne5 21. Na4 h5 22. Nxb6 Bxb6 23. Bxb6 h4 24. Ne2 Nxc4 25. Bd4 Ne5 26. h3 Nh5 27. Qe3 f6 28. Kg1 Rxc1 29. Rxc1 Rc8 30. Bxe5 dxe5 31. Rc5 Nf4 32. Nxf4 gxf4 33. Qf2 Rxc5 34. Qxc5 Qd8 35. a4 Qd4+ 36. Qxd4 exd4 37. a5 Kg7 38. Kf2 Kf7 39. Ke1 Ke7 40. Kd2 Kd6 41. b5 axb5 42. Bxb5 Kc5 43. Bd3 Bc6 44. Kc2 e5 45. Kb3 Bb5 46. a6 Bc6 47. Ka3 Kb6 48. Kb4 Bd7 49. a7 Kxa7 50. Kc5 Ba4 51.
Kd6 Kb6 52. Ke6 Bb5 53. Bc2 d3 54. Bd1 Kc5 55. Kxf6 Kd4 56. Kg5 Ke3 57. Kxh4 Kd2 58. Bb3 Kc1 59. Kg5 d2 60. h4 Bd3 61. h5 Bc2 62.
h6 d1=Q 63. h7 Qd8+ 1/2-1/2

[Event "GER-ch Blitz 2019"]
[Site "Magdeburg"]
[Date "2019.05.25"]
[Round "25.15"]
[White "Buhmann, Rainer"]
[Black "Braeuer, Franz"]
[Result "0-1"]
[ECO "D37"]
[WhiteElo "2573"]
[BlackElo "2445"]
[Annotator "ChessBase"]
[PlyCount "154"]
[EventDate "2019.05.25"]
[EventType "tourn"]
[EventCountry "GER"]
[Tiebreak "Number of wins+Number of black wins"]
[SourceTitle "playchess.com"]
[Source "ChessBase"]
[SourceQuality "1"]
[TimeControl "180+2"]

1. d4 Nf6 2. c4 e6 3. Nf3 d5 4. Nc3 dxc4 5. e4 b5 6. e5 Nd5 7. Nxb5 Nb6 8. Be2 Bb7 9. O-O Nc6 10. Qd2 Be7 11. Qf4 O-O 12. Rd1 Nb4 13. Qg4 Kh8 14. Nc3 Rb8 15. Ne4 Nd3 16. Bxd3 cxd3 17. Rxd3 c5 18. Nd6 c4 19. Rd1 Bd5 20. Ng5 Bxd6 21. exd6 h6 22. Nf3 Na4 23. Qh5 Kh7 24.
Ng5+ Kg8 25. Nh3 Nxb2 26. Bxb2 Rxb2 27. Qe5 Rb6 28. Nf4 Qxd6 29. Nxd5 Qxd5 30. Rac1 Rc8 31. Rc3 Qxe5 32. dxe5 Rb5 33. f4 Rb7 34. Rd2 Kf8 35. Kf2 Ke7 36. Ke3 Rc5 37. Rdc2 Rbc7 38. Kd4 Rd5+ 39. Ke3 Ra5 40. Kd4 Ra4 41. Rxc4 Rcxc4+ 42. Rxc4 Rxa2 43. Rc7+ Ke8 44. Rc8+ Kd7 45. Rg8 Rxg2 46. Ra8 Ra2 47. h4 h5 48. Rf8 Ke7 49. Rb8 g6 50. Rb7+ Kf8 51.
Rb8+ Kg7 52. Ra8 Ra4+ 53. Ke3 a5 54. Kf3 Ra3+ 55. Kg2 a4 56.
Ra7 Ra2+ 57. Kg3 a3 58. Ra8 Ra1 59. Kg2 a2 60. Ra7 Kf8 61.
Ra8+ Ke7 62. Ra7+ Kd8 63. Ra8+ Kc7 64. Ra3 Kc6 65. Ra7 Kd5 66. Ra4 Kc5 67. Kh2 Kb5 68. Ra7 Kc4 69. Kg2 Kc3 70. Rc7+ Kd3 71. Ra7 Rd1 72. Rxa2 Rd2+ 73. Rxd2+ Kxd2 74. Kf2 Kd3 75. Kf3 Kd4 76. Kf2 Ke4 77. Kg3 Ke3 0-1